 Dungeon Crawl Stone Soup version 0.19-a0-1225-gf887c1c (webtiles) character file.

93 glosham the Sneak (level 4, 0/35 HPs)
             Began as a Mummy Abyssal Knight on Aug 25, 2016.
             Was an Initiate of Lugonu.
             Slain by a kobold
             ... wielding a +0 short sword
              (3 damage)
             ... on level 1 of the Dungeon.
             The game lasted 00:03:20 (128 turns).

glosham the Sneak (Mummy Abyssal Knight)             Turns: 128, Time: 00:03:21

Health: 0/35       AC:  3    Str: 16    XL:     4   Next: 37%
Magic:  3/5        EV: 11    Int: 11    God:    Lugonu [......]
Gold:   0          SH:  0    Dex: 11    Spells: 0 memorised, 3 levels left

rFire  x . .     SeeInvis .     a - +1 hand axe
rCold  + . .     Gourm    .     b - +0 leather armour
rNeg   + + +     Faith    .     (no shield)
rPois  ∞         Spirit   .     (no helmet)
rElec  .         Dismiss  .     (no cloak)
rCorr  .         Reflect  .     (no gloves)
MR     .....     Harm     .     (no boots)
Stlth  ++........               (no amulet)
                                (no ring)
                                (no ring)

@: no status effects
A: no food or potions, fire vulnerability, cold resistance 1, negative energy
resistance 3, torment resistance, unbreathing
a: Renounce Religion


You were on level 1 of the Dungeon.
You worshipped Lugonu.
Lugonu was noncommittal.
You were not hungry.

You visited 1 branch of the dungeon, and saw 1 of its levels.
You visited the Abyss 1 time.

Inventory:

Hand Weapons
 a - a +1 hand axe (weapon)
Armour
 b - a +0 leather armour (worn)


   Skills:
 - Level 3.0 Fighting
 - Level 1.5 Axes
 - Level 1.5 Armour
 - Level 0.7 Dodging
 + Level 3.6 Stealth
 - Level 1.5 Invocations


You had 3 spell levels left.
You didn't know any spells.

Dungeon Overview and Level Annotations

Branches:
Dungeon (1/15)

Altars:


Innate Abilities, Weirdness & Mutations

You do not eat or drink.
Your flesh is vulnerable to fire.
You are immune to poison.
Your flesh is cold resistant. (rC+)
You are immune to negative energy. (rN+++)
You are immune to unholy pain and torment.
You can survive without breathing.


Message History

A giant gecko and a kobold come into view.
The kobold shouts!
The giant gecko hisses angrily.
Found 2 javelins, a hunting sling and 8 gold pieces.
There is a staircase leading out of the dungeon here.
You closely miss the kobold. You hit the giant gecko.
The giant gecko barely misses you. The kobold hits you with a short sword.
You miss the kobold. You miss the giant gecko. The giant gecko bites you.
The kobold hits you with a short sword.
Unknown command.
The giant gecko barely misses you. The giant gecko barely misses you.
You hit the giant gecko.
The giant gecko is severely wounded.
The giant gecko barely misses you. The giant gecko closely misses you.
You hit the giant gecko.
You kill the giant gecko!
Lugonu accepts your kill.
You barely miss the kobold. The kobold hits you with a short sword.
* * * LOW HITPOINT WARNING * * *
The kobold barely misses you.
You closely miss the kobold. The kobold hits you with a short sword.
* * * LOW HITPOINT WARNING * * *
You hit the kobold.
The kobold is moderately wounded.
The kobold hits you with a short sword.
* * * LOW HITPOINT WARNING * * *
You barely miss the kobold.
The kobold is moderately wounded.
The kobold hits you with a short sword.
* * * LOW HITPOINT WARNING * * *
You barely miss the kobold.
The kobold is moderately wounded.
The kobold barely misses you.
You closely miss the kobold.
The kobold is moderately wounded.
The kobold barely misses you. The kobold hits you but does no damage.
You closely miss the kobold. The kobold barely misses you.
You barely miss the kobold. The kobold closely misses you.
You barely miss the kobold. The kobold hits you with a short sword.
You die...

# ######## #.#
#......#
#...###....<.#
#..@K.....(#
#####......#
##.....#
##....# ..)..#
......#
...##.$# ..#
.## .# .#


You could see a kobold.

Vanquished Creatures
  An eye of draining (Abyss:2)
  A giant gecko (D:1)
2 creatures vanquished.

Notes
Turn   | Place    | Note
-------+----------+-------------------------------------------
     0 | Abyss:1  | glosham the Mummy Abyssal Knight began the quest for the Orb.
     0 | Abyss:1  | Reached XP level 1. HP: 18/18 MP: 2/2
    39 | Abyss:1  | Noticed a large abomination
    40 | Abyss:1  | Noticed a titan zombie
    61 | Abyss:2  | Noticed a starcursed mass
    71 | Abyss:2  | Noticed an eye of draining
    98 | Abyss:2  | Killed an eye of draining
    98 | Abyss:2  | Reached skill level 3 in Stealth
    98 | Abyss:2  | Reached XP level 2. HP: 24/24 MP: 1/3
    98 | Abyss:2  | Reached XP level 3. HP: 29/29 MP: 1/4
    98 | Abyss:2  | Reached XP level 4. HP: 35/35 MP: 1/5
   109 | D:1      | Escaped the Abyss
   123 | D:1      | HP: 3/35 [kobold/short sword (2)]
   128 | D:1      | Slain by a kobold

Vault maps used:
D:1:      elethiomel_arrival_shortcut, minivault_26

Skill      XL: |  1 |
---------------+----+-----
Stealth        | 3 |  3.6
Fighting       | |  3.0
Axes           | |  1.5
Armour         | |  1.5
Dodging        | |  0.7
Invocations    | |  1.5

Action                   |  1- 3 |  4- 6 || total
-------------------------+-------+-------++-------
Melee: Hand axe          |    14 |    18 ||    32
Invok: Depart the Abyss  |       |     1 ||     1
  Use: Scroll            |     1 |       ||     1
Dodge: Dodged            |       |    12 ||    12

Table legend:
 A = Turns spent in this place as a percentage of turns spent in the entire game.
 B = Non-inter-level travel turns spent in this place as a percentage of non-inter-level travel turns spent in the entire game.
 C = Inter-level travel turns spent in this place as a percentage of turns spent in this place.
 D = Turns resting spent in this place as a percentage of non-inter-level travel turns spent in this place.
 E = Turns spent auto-exploring this place as a percentage of non-inter-level travel turns spent in this place.
 F = Non-inter-level travel turns spent in this place divided by the number of levels of this place that you've seen.
                   A       B       C       D       E      F
               +-------+-------+-------+-------+-------+----------------------
         Total | 100.0 | 100.0 |   0.0 |   0.0 |   0.0 |  44.7
       Dungeon |  14.9 |  14.9 |   0.0 |   0.0 |   0.0 |  20.0
         Abyss |  85.1 |  85.1 |   0.0 |   0.0 |   0.0 |  57.0
               +-------+-------+-------+-------+-------+----------------------

Table legend:
 A = Kills in this place as a percentage of kills in entire the game.
 B = Kills by you in this place as a percentage of kills by you in the entire game.
 C = Kills by friends in this place as a percentage of kills by friends in the entire game.
 D = Other kills in this place as a percentage of other kills in the entire game.
 E = Experience gained in this place as a percentage of experience gained in the entire game.
 F = Experience gained in this place divided by the number of levels of this place that you have seen.
                   A       B       C       D       E      F
               +-------+-------+-------+-------+-------+----------------------
         Total | 100.0 | 100.0 |  -nan |  -nan | 100.0 |  44.7
       Dungeon |  50.0 |  50.0 |  -nan |  -nan |   2.2 |   3.0
         Abyss |  50.0 |  50.0 |  -nan |  -nan |  97.8 |  65.5
               +-------+-------+-------+-------+-------+----------------------

Vault maps used:
D:1:      elethiomel_arrival_shortcut, minivault_26
